 Dungeon Crawl Stone Soup version 0.31-a0-986-g5e6e4ef867 (webtiles) character file.

Game seed: 9754843274018897739

236 avis the Changeling (level 5, 0/23 HPs)
             Began as a Felid Shapeshifter on Nov 6, 2023.
             Slain by a kobold brigand
             ... wielding a +0 dagger
              (6 damage)
             ... in a sewer.
             The game lasted 00:13:38 (1945 turns).

avis the Changeling (Felid Shapeshifter)            Turns: 1945, Time: 00:13:39

Health: 0/23       AC:  1    Str: 10    XL:     5   Next: 77%
Magic:  6/6        EV: 19    Int: 12    God:
Gold:   75         SH:  0    Dex: 17    Spells: 4/4 levels left
                                        Lives:  0   Deaths: 2

rFire   . .          .
                       - Unarmed
rCold   . . .        (shield unavailable)
rNeg    . . .        (body armour unavailable)
rPois   .            (helmet unavailable)
rElec   .            (cloak unavailable)
rCorr   .            (gloves unavailable)
SInv    +            (boots unavailable)
Will    .....        (no amulet)
Stlth   ++           i - ring of flight
HPRegen 0.23/turn    (no ring)
MPRegen 0.10/turn

%: no passive effects
@: beast-form, flying, quick
A: beast (slay +3), very small, claws 1, fangs 3, see invisible, speed 1, shaggy
fur 1, stealthy paws, no weapons or thrown items, no armour, multi-lived
a: Begin Untransformation


You were in a sewer.
You were a hulking beast.
You visited 1 branch of the dungeon, and saw 3 of its levels.
You also visited: Sewer.

You collected 75 gold pieces.

Inventory:

Jewellery
 i - a ring of flight (left paw)
Talismans
 b - a beast talisman
 c - a flux talisman
Scrolls
 e - 5 scrolls of identify {unknown}
 f - 2 scrolls of blinking {unknown}
 g - 3 scrolls of teleportation {unknown}
 k - a scroll of silence {unknown}
 o - a scroll of enchant armour {unknown}
Potions
 d - a potion of might {unknown}
 h - 3 potions of curing {unknown}
 j - 3 potions of haste {unknown}
 l - a potion of mutation {unknown}
 m - a potion of invisibility {unknown}
 n - a potion of heal wounds {unknown}


   Skills:
 * Level 2.5 Fighting
 - Level 5.0 Dodging
 - Level 3.0 Unarmed Combat
 - Level 5.3 Shapeshifting


You had 4 spell levels left.
You didn't know any spells.
Your spell library was empty.

Dungeon Overview and Level Annotations

Branches:
Dungeon (3/15)              Sewer (1/1)

Altars:
Fedhas
Hepliaklqana

Shops:
D:2 ?(

Annotations:
D:2 1 runed translucent door, exclusion: door, Crazy Yiuf
D:3 Jessica


Innate Abilities, Weirdness & Mutations

You are a hulking beast.
Your limbs bulge with bestial killing power. (Slay +3)
You have sharp claws.
You have razor-sharp teeth.
You have supernaturally acute eyesight. (SInv)
You cover ground quickly. (Speed+)
You are covered in fur. (AC +1)
Your paws help you pounce on unaware monsters.
You are incapable of wielding weapons or throwing items.
You cannot wear armour.
You gain extra lives every three experience levels.


Message History

You scratch the kobold brigand.
The kobold brigand is severely wounded.
The kobold closely misses you.
The kobold brigand hits you with a +0 dagger!
The kobold brigand hits you with a +0 club.
* * * LOW HITPOINT WARNING * * *
You barely miss the kobold brigand.
The kobold brigand is severely wounded.
The kobold hits you with a +0 whip.
* * * LOW HITPOINT WARNING * * *
The kobold brigand closely misses you.
The kobold brigand completely misses you.
You scratch the kobold brigand.
The kobold brigand is almost dead.
You barely miss the kobold brigand.
The kobold brigand is almost dead.
The kobold brigand completely misses you.
The kobold brigand hits you with a +0 club.
You die...
Your shape twists and changes as you die.
You rejoin the land of the living...
The kobold brigand throws a poisoned dart.
The poisoned dart misses you. The kobold closely misses you.
The kobold brigand hits you with a +0 dagger.
The kobold brigand barely misses you.
The kobold hits you with a +1 short sword of venom.
You claw the kobold brigand!
You kill the kobold brigand!
The kobold hits you with a +0 whip.
* * * LOW HITPOINT WARNING * * *
The kobold brigand closely misses you. The kobold misses you.
Training target 5.3 for Shapeshifting reached!
Your Shapeshifting skill increases to level 5!
You need to enable at least one skill for training.
You closely miss the kobold brigand.
The kobold brigand is almost dead.
The kobold misses you.
The kobold brigand hits you with a +0 dagger.
You die...

######~≈~######
#....#~≈~#!...#
#..∩.#~≈~#!∩..#
#....#~≈~#....#
#.)).#~≈~#..!!#
##''##~~~##''###
#....#~≈~#..†).###
###...~#~≈~#...K...#
#....~~~~≈~#.)hK...#
##...P~~~≈~#..PK...#
##...~P#~≈~#~......#
#....~~#~~~#~~P....#
#......#~≈~#P~~....##
#......#~≈~~~~......#
#......#~≈~~~~...P..#
#......#~≈~~~......##
##.....#~≈~#~P....##


You could see a kobold brigand and 2 kobolds.

Vanquished Creatures
  2 kobold brigands (Sewer)
  2 adders
  2 worms
  2 dart slugs (D:1)
  5 ball pythons
  7 bats
  3 endoplasms
  3 giant cockroaches
  4 goblins
  6 hobgoblins
  2 jackals (D:2)
  2 quokkas (D:2)
  3 frilled lizards (D:1)
  15 kobolds
  14 rats
72 creatures vanquished.

Notes
Turn   | Place    | Note
-------+----------+-------------------------------------------
     0 | D:1      | avis the Felid Shapeshifter began the quest for the Orb.
     0 | D:1      | Reached XP level 1. HP: 9/9 MP: 2/2
    26 | D:1      | Found a faded altar of an unknown god.
   139 | D:1      | Reached XP level 2. HP: 12/12 MP: 3/3
   725 | D:2      | Reached XP level 3. HP: 12/16 MP: 4/4
   781 | D:2      | Found a hazy altar of Hepliaklqana.
   938 | D:2      | Found Nical's Antique Weapon Shoppe.
   988 | D:2      | Found Terupt's Magic Scroll Boutique.
  1026 | D:2      | Found a runed translucent door.
  1027 | D:2      | Noticed Crazy Yiuf
  1466 | D:3      | Found a blossoming altar of Fedhas.
  1587 | D:3      | Noticed Jessica
  1593 | D:3      | Found a glowing drain.
  1612 | D:3      | Reached skill level 5 in Dodging
  1612 | D:3      | Reached XP level 4. HP: 18/19 MP: 5/5
  1615 | Sewer    | Entered a sewer
  1917 | Sewer    | Noticed a kobold brigand
  1917 | Sewer    | Noticed a kobold brigand
  1917 | Sewer    | Noticed a kobold brigand
  1926 | Sewer    | Killed a kobold brigand
  1927 | Sewer    | Reached XP level 5. HP: 22/22 MP: 6/6
  1933 | Sewer    | Slain by a kobold brigand
  1939 | Sewer    | HP: 1/22 [kobold/+0 whip (3)]
  1941 | Sewer    | Slain by a kobold brigand
  1945 | Sewer    | Reached skill level 5 in Shapeshifting
  1945 | Sewer    | Slain by a kobold brigand

Illustrated notes

Levels and vault maps discovered:
D:1:      pf_arrival_petrified_forest, layout_basic,
          ebering_ecumenical_altar_petrified, hangedman_decor_push
D:2:      layout_rooms, serial_shops, nicolae_shop_tiny_real_fake_doors,
          nicolae_shop_rolled_up, basic_altar, uniq_crazy_yiuf_cottage
D:3:      layout_loops_cross, bloody_makhleb, tgw_sif, general_overflow_altar,
          serial_shops, shop, nicolae_shop_tiny_statue_garden, shop,
          portal_sewer_entry_a
Sewer:    kennysheep_pipe_town

Skill      XL: |  1  2  3  4  5 |
---------------+----------------+-----
Dodging        | 3 5 |  5.0
Fighting       | 2 |  2.5
Shapeshifting  | 4 5 |  5.3
Unarmed Combat | |  3.0

Action                     |  1- 3 |  4- 6 || total
---------------------------+-------+-------++-------
  Melee: Unarmed           |    96 |    69 ||   165
         Bite              |    10 |     3 ||    13
         Punch             |     2 |     1 ||     3
    Use: Potion            |       |     1 ||     1
   Stab: Sleeping          |     2 |     1 ||     3
 Armour: Skin              |    12 |    61 ||    73
  Dodge: Dodged            |    61 |    44 ||   105

Table legend: (Time is in decaauts)
 A = Elapsed time spent in this place.
 B = Non-inter-level travel time spent in this place.
 C = Inter-level travel time spent in this place.
 D = Time resting spent in this place.
 E = Time spent auto-exploring this place.
 F = Levels seen in this place.
 G = Mean time per level.
                   A        B        C        D        E       F      G
               +--------+--------+--------+--------+--------+-----+--------+
         Total |   1615 |   1440 |    175 |     83 |    708 |   4 |  403.8 |
       Dungeon |   1325 |   1150 |    175 |     18 |    708 |   3 |  441.7 |
         Sewer |    290 |    290 |      0 |     65 |      0 |   1 |  290.0 |
               +--------+--------+--------+--------+--------+-----+--------+

Top non-repeatable levels by time:
     D:1: 627 daAuts
     D:2: 524 daAuts
   Sewer: 290 daAuts
     D:3: 173 daAuts
